 Dungeon Crawl Stone Soup version 0.28-a0-1624-g820543e53a (webtiles) character file.

Game seed: 16232278966783448264

54 frimble the Cutter (level 3, -4/27 HPs)
             Began as a Demonspawn Warper on Jan 23, 2022.
             Slain by Grinder (9 damage)
             ... on level 2 of the Dungeon.
             The game lasted 00:03:12 (2961 turns).

frimble the Cutter (Demonspawn Warper)              Turns: 2961, Time: 00:03:12

Health: -4/27      AC:  4    Str: 11    XL:     3   Next: 66%
Magic:  6/6        EV: 11    Int: 16    God:
Gold:   114        SH:  0    Dex: 12    Spells: 6/6 levels left

rFire   . . .      SeeInvis .   a - +0 short sword
rCold   . . .      Faith    .   (no shield)
rNeg    . . .      Spirit   .   b - +0 leather armour
rPois   .          Reflect  .   (no helmet)
rElec   .          Harm     .   (no cloak)
rCorr   .          Rampage  .   (no gloves)
Will    .....                   (no boots)
Stlth   +.........              (no amulet)
HPRegen 0.09/turn               (no ring)
MPRegen 0.10/turn               (no ring)

@: no status effects
A: demonic guardian 1, sharp scales 1
a: no special abilities


You were on level 2 of the Dungeon.
You visited 1 branch of the dungeon, and saw 3 of its levels.

You collected 114 gold pieces.

Inventory:

Hand Weapons
 a - a +0 short sword (weapon)
Missiles
 d - 3 boomerangs of dispersal (quivered)
 i - 2 curare-tipped darts
Armour
 b - a +0 leather armour (worn)
Scrolls
 c - a scroll of blinking
 g - a scroll of teleportation
Potions
 f - a potion of curing
 j - a potion of haste {unknown}


   Skills:
 - Level 2.0 Fighting
 + Level 3.7 Short Blades
 - Level 0.8 Throwing
 - Level 0.8 Armour
 - Level 1.7 Dodging
 - Level 2.0 Spellcasting
 - Level 2.6 Translocations


You had 6 spell levels left.
You didn't know any spells.
Your spell library contained the following spells:

 Spells                   Type           Power      Damage    Failure   Level
 Blink                    Tloc           20%        N/A       14%         2
 Gell's Gravitas          Tloc           10%        N/A       26%         3
 Lesser Beckoning         Tloc           10%        N/A       26%         3
 Teleport Other           Tloc           10%        N/A       26%         3
 Dazzling Flash           Conj/Hex       2%         N/A       63%         3
 Manifold Assault         Tloc           10%        N/A       94%         5
 Agony                    Necr           1%         N/A       100%        5
 Silence                  Hex/Air        0%         N/A       100%        5


Dungeon Overview and Level Annotations

Branches:
Dungeon (3/15)

Altars:

Shops:
D:1 =

Annotations:
D:2 Grinder


Innate Abilities, Weirdness & Mutations

A weak demonic guardian rushes to your aid.
You are partially covered in razor-sharp scales. (AC +1, Slay +1)


Message History

You can move again.
You barely miss something.
You shrug off the repeated paralysis!
You closely miss something. Something hits you but does no damage.
You hit something.
You swing at nothing.
Something hits you but does no damage.
You swing at nothing.
Something hits you!
You writhe in agony.
You swing at nothing.
Something hits you but does no damage.
You swing at nothing.
Something hits you.
* * * LOW HITPOINT WARNING * * *
You barely miss something. Something hits you but does no damage.
You hit something. Your punch misses something. You hit something.
Something hits you but does no damage.
You hit something. Something hits you but does no damage.
You barely miss something. Something hits you but does no damage.
You miss something. Something hits you but does no damage.
You barely miss something. Something hits you but does no damage.
You hit something but do no damage. Something hits you but does no damage.
You miss something. Something hits you but does no damage.
You barely miss something.
Your transformation is almost over.
Something hits you but does no damage.
You barely miss something.
Something tries to affect you, but you resist.
You barely miss something. Your punch misses something.
Something hits you but does no damage.
You hit something but do no damage. Something hits you.
* * * LOW HITPOINT WARNING * * *
A demonic guardian appears!
You writhe in agony.
* * * LOW HITPOINT WARNING * * *
Unknown command.
You hit something but do no damage.
You swing at nothing.
You closely miss something.
You feel less wooden.
Your +0 leather armour unmelds from your body.
Something hits you but does no damage.
You barely miss something.
Grinder appears from thin air!
Reactivating autopickup.
Grinder hits you!
You die...

.......# #.#........#.#
.......# #..........#.#
.......# ###.######.#.#
.......######.######.#.####
.#........................#
.#......#####.######.#..###
.######.# #.# #.#..# .# #.#
#.######.#..# .# #.#
#..5@5...#..# .#
#.##############..# .#
#.......(.........#
.######################.#
.............# #.#
############.# #.#
#.##########†#
#............#
##############


You could see Grinder and a friendly iron imp (summoned).

Vanquished Creatures
  An adder skeleton (D:2)
  An adder zombie (D:2)
  2 dart slugs (D:1)
  A bat zombie (D:2)
  3 endoplasms
  4 hobgoblins
  A kobold (D:1)
  7 quokkas
  A ball python zombie (D:2)
  3 bats
  2 frilled lizards (D:1)
  8 goblins
  2 rats (D:1)
36 creatures vanquished.

Vanquished Creatures (collateral kills)
  A hobgoblin (D:1)
  A quokka (D:1)
  A ball python (D:1)
  A bat (D:1)
4 creatures vanquished.

Grand Total: 40 creatures vanquished

Notes
Turn   | Place    | Note
-------+----------+-------------------------------------------
     0 | D:1      | frimble the Demonspawn Warper began the quest for the Orb.
     0 | D:1      | Reached XP level 1. HP: 16/16 MP: 3/3
   191 | D:1      | Found Cufial's Jewellery Emporium.
   205 | D:1      | Reached skill level 2 in Short Blades
   410 | D:1      | Gained mutation: A weak demonic guardian rushes to your
                  | aid. [demonic ancestry]
   410 | D:1      | Reached XP level 2. HP: 18/22 MP: 5/5
   774 | D:1      | Reached skill level 3 in Short Blades
  1414 | D:1      | Gained mutation: You are partially covered in razor-sharp
                  | scales. (AC +1, Slay +1) [demonic ancestry]
  1414 | D:1      | Reached XP level 3. HP: 26/27 MP: 6/6
  2910 | D:3      | Noticed Grinder
  2915 | D:2      | Paralysed by something for 4 turns
  2932 | D:2      | Paralysed by something for 3 turns
  2961 | D:2      | Slain by Grinder

Illustrated notes

Levels and vault maps discovered:
D:1:      dpeg_arrival_tiny_f, layout_loops_cross, serial_shops,
          nicolae_shop_trees
D:2:      layout_basic, serial_undead, serial_undead_c, serial_undead_a,
          serial_undead_a, serial_undead_c
D:3:      layout_basic, serial_shops, nicolae_shop_behind_doors, uniq_grinder

Skill      XL: |  1  2 |
---------------+-------+-----
Short Blades   | 2 3 |  3.7
Fighting       | |  2.0
Throwing       | |  0.8
Armour         | |  0.8
Dodging        | |  1.7
Spellcasting   | |  2.0
Translocations | |  2.6

Action                   || total
-------------------------++-------
Melee: Short sword       ||   166
       Punch             ||     1
Throw: Boomerang         ||     2
  Use: Potion            ||     3
       Scroll            ||     1
Armor: Leather armour    ||    42
       Skin              ||    24
Dodge: Dodged            ||    64

Table legend: (Time is in decaauts)
 A = Elapsed time spent in this place.
 B = Non-inter-level travel time spent in this place.
 C = Inter-level travel time spent in this place.
 D = Time resting spent in this place.
 E = Time spent auto-exploring this place.
 F = Levels seen in this place.
 G = Mean time per level.
                   A        B        C        D        E       F      G
               +--------+--------+--------+--------+--------+-----+--------+
         Total |   2953 |   2871 |     82 |      0 |   2503 |   3 |  984.3 |
       Dungeon |   2953 |   2871 |     82 |      0 |   2503 |   3 |  984.3 |
               +--------+--------+--------+--------+--------+-----+--------+

Top non-repeatable levels by time:
     D:1: 1807 daAuts
     D:2: 1142 daAuts
     D:3: 4 daAuts
